 Dungeon Crawl Stone Soup version 0.17-a0-4-gb793c6d (webtiles) character file.

137 Qrupt the Changer (level 4, -2/34 HPs)
             Began as a Demigod Transmuter on Mar 4, 2015.
             Slain by Natasha (9 damage)
             ... on level 3 of the Dungeon.
             The game lasted 00:13:10 (3442 turns).

Qrupt the Changer (Demigod Transmuter)              Turns: 3442, Time: 00:13:10

Health: -2/34      AC:  2    Str: 15    XL:     4   Next: 68%
Magic:  8/11       EV: 20    Int: 17    God:
Gold:   234        SH:  0    Dex: 21    Spells: 2 memorised, 4 levels left

rFire  . . .     SeeInvis .       - Unarmed
rCold  . . .     Clarity  .     p - melded +0 leather armour
rNeg   . . .     SustAb   +     (shield currently unavailable)
rPois  x         Gourm    .     q - melded +1 hat
rElec  .         Spirit   .     n - melded +0 cloak
rCorr  .         Warding  .     (gloves currently unavailable)
rMut   .         Stasis   .     (boots currently unavailable)
MR     .....                    (no amulet)
Stlth  ++........               (no ring)
                                (no ring)

@: spider-form (expiring), not resistant to hostile enchantments, unstealthy
A: sustain abilities
a: End Transformation


You were on level 3 of the Dungeon.
You were not hungry.
You were a venomous arachnid creature.
You visited 1 branch of the dungeon, and saw 3 of its levels.

You collected 234 gold pieces.

Inventory:

Missiles
 b - 12 arrows
Armour
 n - a +0 cloak (melded)
 p - a +0 leather armour (melded)
 q - a +1 hat (melded)
Scrolls
 j - 2 scrolls of recharging {unknown}
 l - 2 scrolls of enchant armour {unknown}
 m - a scroll of enchant weapon {unknown}
 r - 2 scrolls of teleportation {unknown}
Potions
 e - a potion of curing
 h - a potion of brilliance
 i - a potion of degeneration {unknown}
 k - a potion of cancellation
 o - a potion of resistance {unknown}
Books
 d - a book of Changes

   Spells                             Type                      Level
   a - Beastly Appendage              Transmutation                1
   b - Sticks to Snakes               Transmutation                2
   c - Spider Form                    Transmutation/Poison         3
   d - Ice Form                       Ice/Transmutation            4
   e - Blade Hands                    Transmutation                5
Comestibles
 a - a bread ration
 c - 2 slices of pizza
 f - 4 meat rations
 g - a beef jerky


   Skills:
 - Level 0.8 Fighting
 - Level 1.7 Dodging
 - Level 2.6 Unarmed Combat
 - Level 2.7 Spellcasting
 + Level 3.7 Transmutations
 - Level 1.2 Poison Magic


You had 4 spell levels left.
You knew the following spells:

 Your Spells              Type           Power        Failure   Level  Hunger
a - Beastly Appendage     Trmt           ###...       14%         1    #......
b - Spider Form           Trmt/Pois      ##........   41%         3    ###....


Dungeon Overview and Level Annotations

Branches:
Dungeon (3/15)

Annotations:
D:3 Natasha; Squibie's ghost, average DgGl


Innate Abilities, Weirdness & Mutations

Your attributes are resistant to harm.


Message History

Your +0 leather armour melds into your body.
Natasha growls.
Natasha stares at you and mumbles some strange words.
The magic dart hits you!
Your transformation is almost over.
Natasha casts a spell.
Natasha casts a spell.
The white imp gestures at you. The puff of frost hits you!
The crimson imp blinks!
Natasha stares at you and mumbles some strange words.
The magic dart hits you! The white imp gestures at you.
The puff of frost hits you!
* * * LOW HITPOINT WARNING * * *
Drink which item? (? for menu, Esc to quit)
You feel better.
Natasha gestures.
Suddenly you are surrounded with a pale green light.
Natasha claws you!
You die...

.)..............#####
######.########....#. #.#
##.#.#. #.# #.#.#. ##'##
#.#... ##...## #.#...
##.....## #.#...
##5......## ##.#... #
####.hs......####......
..
.....'..5......'.........
#
.####.5......>####...#.#
##.......## ##. #.#
##.(...## #.# ##...## #.#
##'## #.# #.# #.# #.# #.#


You could see Natasha, 2 crimson imps and a white imp.

Vanquished Creatures
  Natasha (D:3)
  Ijyb (D:3)
  2 adders
  2 worms (D:2)
  An ooze (D:1)
  2 ball pythons
  6 goblins
  7 hobgoblins
  4 jackals (D:3)
  A quokka (D:2)
  4 bats
  A giant cockroach (D:3)
  2 giant geckos (D:1)
  2 giant newts
  11 kobolds
  13 rats
60 creatures vanquished.

Notes
Turn   | Place    | Note
--------------------------------------------------------------
     0 | D:1      | Qrupt, the Demigod Transmuter, began the quest for the Orb.
     0 | D:1      | Reached XP level 1. HP: 15/15 MP: 3/3
   164 | D:1      | Reached XP level 2. HP: 13/22 MP: 2/4
   610 | D:1      | Reached skill level 3 in Transmutations
  1065 | D:2      | Reached XP level 3. HP: 13/27 MP: 6/8
  1197 | D:2      | Found a sacrificial altar of Ru.
  2174 | D:1      | Learned a level 3 spell: Spider Form
  2643 | D:3      | Reached XP level 4. HP: 27/34 MP: 9/11
  2762 | D:3      | Noticed Squibie's ghost (average DgGl)
  3027 | D:3      | Noticed Ijyb
  3039 | D:3      | Killed Ijyb
  3039 | D:3      | Reached skill level 1 in Poison Magic
  3061 | D:3      | Noticed Natasha
  3089 | D:3      | Killed Natasha
  3435 | D:3      | Noticed Natasha
  3441 | D:3      | HP: 1/34 [white imp/puff of frost[Natasha] (12)]
  3442 | D:3      | Slain by Natasha

Action                   |  1- 3 |  4- 6 || total
-------------------------+-------+-------++-------
Melee: Unarmed           |   210 |    73 ||   283
 Cast: Beastly Appendage |    21 |     1 ||    22
       Spider Form       |     1 |     5 ||     6
  Use: Scroll            |       |     3 ||     3
       Potion            |       |     2 ||     2
 Stab: Sleeping          |     2 |       ||     2
  Eat: Chunk             |     1 |     1 ||     2
       Bread ration      |     1 |     1 ||     2
